 Dungeon Crawl Stone Soup version 0.21.0-3-g78d12a8 (webtiles) character file.

1141 mopl the Carver (level 8, -3/44 HPs)
             Began as a Tengu Skald on Jan 8, 2018.
             Was a Believer of Okawaru.
             Killed by nerve-wracking pain
             ... invoked by Grinder
              (11 damage)
             ... on level 5 of the Dungeon.
             The game lasted 00:09:11 (4974 turns).

mopl the Carver (Tengu Skald)                       Turns: 4974, Time: 00:09:11

Health: -3/44      AC:  5    Str: 12    XL:     8   Next: 37%
Magic:  12/12      EV: 11    Int: 14    God:    Okawaru [**....]
Gold:   302        SH:  0    Dex: 15    Spells: 0/11 levels left

rFire    . . .     SeeInvis .   b - +0 long sword
rCold    . . .     Gourm    .   (no shield)
rNeg     . . .     Faith    .   p - +0 ring mail
rPois    .         Spirit   .   (helmet restricted)
rElec    .         Reflect  .   (no cloak)
rCorr    .         Harm     .   (no gloves)
MR       .....                  (boots unavailable)
Stlth    +++.......             (no amulet)
HPRegen  0.14/turn              s - ring of stealth
MPRegen  0.13/turn              w - ring of stealth

@: no status effects
A: beak, talons 3, able to fly 1
a: Fly, Heroism, Renounce Religion


You were on level 5 of the Dungeon.
You worshipped Okawaru.
Okawaru was pleased with you.
You were not hungry.

You visited 1 branch of the dungeon, and saw 5 of its levels.

You collected 302 gold pieces.

Inventory:

Hand Weapons
 a - a +0 falchion
 b - a +0 long sword (weapon)
 j - a cursed -2 short sword
 z - a +0 short sword of draining
Missiles
 e - a throwing net
 n - a tomahawk (quivered)
Armour
 p - a +0 ring mail (worn)
Jewellery
 s - a ring of stealth (left hand)
 w - a ring of stealth (right hand)
Wands
 A - a wand of acid (8)
Scrolls
 g - 3 scrolls of immolation {unknown}
 h - 4 scrolls of random uselessness {unknown}
 k - 3 scrolls of teleportation {unknown}
 l - 2 scrolls of enchant armour {unknown}
 o - a scroll of amnesia {unknown}
 q - a scroll of blinking {unknown}
 r - a scroll of enchant weapon {unknown}
 t - 6 scrolls of remove curse
 y - a scroll of fear {unknown}
 C - a scroll of magic mapping {unknown}
Potions
 f - 5 potions of curing {unknown}
 i - 3 potions of flight {unknown}
 m - a potion of mutation {!q}
 u - a potion of berserk rage {!q}
 v - a potion of heal wounds
 B - 2 potions of invisibility
 D - 2 potions of might
 E - a potion of agility {unknown}
Books
 c - a book of Battle

   Spells                             Type                      Level
   a - Infusion                       Charms                       1
   b - Shroud of Golubria             Charms/Translocation         2
   c - Song of Slaying                Charms                       2
   d - Spectral Weapon                Hexes/Charms                 3
   e - Regeneration                   Charms/Necromancy            3
Comestibles
 d - 15 rations


   Skills:
 + Level 2.0 Fighting
 * Level 10.2 Long Blades
 + Level 1.1 Armour
 + Level 2.1 Dodging
 - Level 2.0 Spellcasting
 + Level 2.4 Charms
 + Level 2.4 Invocations


You couldn't memorise any spells.
You knew the following spells:

 Your Spells              Type           Power        Failure   Level  Hunger
a - Infusion              Chrm           #...         21%         1    ##.....
b - Song of Slaying       Chrm           #.......     30%         2    ###....
c - Spectral Weapon       Hex/Chrm       #.......     69%         3    ####...
f - Shroud of Golubria    Chrm/Tloc      #.........   45%         2    ###....
r - Regeneration          Chrm/Necr      #.........   69%         3    ####...


Dungeon Overview and Level Annotations

Branches:
Dungeon (5/15)             Temple (0/1) D:4

Altars:
Dithmenos
Okawaru
Ru

Annotations:
D:5 Dowan, Edmund, Grinder


Innate Abilities, Weirdness & Mutations

You have a beak for a mouth.
You have claws for feet.
You can fly.


Message History

You claw Grinder, but do no damage.
Grinder is severely wounded.
Unknown command.
You barely miss Grinder.
Grinder is severely wounded.
Grinder hits you.
* * * LOW HITPOINT WARNING * * *
Unknown command.
You hit Grinder.
Grinder is severely wounded.
Grinder hits you.
* * * LOW HITPOINT WARNING * * *
You writhe in agony.
* * * LOW HITPOINT WARNING * * *
Unknown command.
You slash Grinder! Your peck misses Grinder.
Grinder is almost dead.
Grinder gestures at you. Pain shoots through your body!
You die...

####### #### #.....# #... #
#..'#######'
....############..#...#...#
..ยง...(.()@5.(....#...#...#
....#########.(####.......#
. ...........###._.###
######..####.......#
####......>.#.).#...#
#.).....###.#...#...#
#.##...#<##.'#######'
#.##...#.............
#.##...#.##.#.#####.#


You could see Grinder.

Vanquished Creatures
  The ghost of sagitran the Poker, an amateur DsGl of Qazlal (D:5)
  Duvessa (D:5)
  A phantom (D:5)
  A centaur (D:5)
  Blork the orc (D:5)
  The ghost of execc the Slasher, a weakling OpGl (D:3)
  2 howler monkeys (D:5)
  A crimson imp (D:5)
  A jelly (D:5)
  A hound (D:3)
  A bullfrog skeleton (D:4)
  2 centaur skeletons
  An orc priest (D:3)
  2 worker ants
  3 iguanas
  A hound skeleton (D:5)
  A howler monkey zombie (D:5)
  10 adders
  3 worms
  2 dart slugs
  3 leopard geckos
  12 orcs
  9 bats
  7 giant cockroaches
  7 goblins
  9 hobgoblins
  4 jackals (D:2)
  2 quokkas (D:4)
  A ball python (D:5)
  5 frilled lizards
  A jackal skeleton (D:5)
  4 kobolds
  A leopard gecko skeleton (D:4)
  11 rats
113 creatures vanquished.

Notes
Turn   | Place    | Note
-------+----------+-------------------------------------------
     0 | D:1      | mopl the Tengu Skald began the quest for the Orb.
     0 | D:1      | Reached XP level 1. HP: 12/12 MP: 4/4
   304 | D:1      | Reached skill level 3 in Long Blades
   304 | D:1      | Reached XP level 2. HP: 17/17 MP: 3/6
   308 | D:1      | Learned a level 2 spell: Song of Slaying
   311 | D:1      | Learned a level 2 spell: Shroud of Golubria
   357 | D:1      | Found an iron altar of Okawaru.
   363 | D:1      | Became a worshipper of Warmaster Okawaru
   860 | D:2      | Reached XP level 3. HP: 15/21 MP: 4/7
  1120 | D:2      | Reached skill level 4 in Long Blades
  1120 | D:2      | Reached skill level 1 in Invocations
  1606 | D:3      | Reached XP level 4. HP: 19/26 MP: 5/8
  1671 | D:3      | Reached skill level 5 in Long Blades
  1671 | D:3      | Gained mutation: You can fly. [Tengu growth]
  1671 | D:3      | Reached XP level 5. HP: 8/30 MP: 7/9
  1940 | D:3      | Noticed execc's ghost (weakling OpGl)
  1980 | D:3      | Reached skill level 2 in Invocations
  2067 | D:3      | Killed execc's ghost
  2161 | D:3      | Found a shadowy altar of Dithmenos.
  2178 | D:3      | Reached * piety under Okawaru
  2361 | D:3      | Reached XP level 6. HP: 32/35 MP: 5/10
  2670 | D:4      | Reached skill level 6 in Long Blades
  3008 | D:4      | Reached skill level 7 in Long Blades
  3503 | D:4      | Reached XP level 7. HP: 40/40 MP: 11/11
  3560 | D:4      | Learned a level 3 spell: Spectral Weapon
  3621 | D:4      | Found a staircase to the Ecumenical Temple.
  3717 | D:5      | Entered Level 5 of the Dungeon
  4013 | D:5      | Noticed sagitran's ghost (amateur DsGl)
  4016 | D:5      | Reached skill level 8 in Long Blades
  4026 | D:5      | Killed sagitran's ghost
  4026 | D:5      | Reached ** piety under Okawaru
  4235 | D:5      | Reached skill level 9 in Long Blades
  4243 | D:5      | Reached XP level 8. HP: 12/44 MP: 6/12
  4590 | D:5      | Found a sacrificial altar of Ru.
  4881 | D:5      | Noticed Edmund
  4900 | D:5      | Noticed Blork the orc
  4911 | D:5      | Killed Blork the orc
  4944 | D:5      | Noticed Grinder
  4944 | D:5      | Noticed Dowan
  4945 | D:5      | Noticed Duvessa
  4955 | D:5      | Killed Duvessa
  4955 | D:5      | Reached skill level 10 in Long Blades
  4960 | D:5      | Learned a level 3 spell: Regeneration
  4964 | D:5      | Paralysed by Grinder for 5 turns
  4974 | D:5      | Killed from afar by Grinder

Skill      XL: |  1  2  3  4  5  6  7  8 |
---------------+-------------------------+-----
Long Blades    | 3 4 5 7 9 10 | 10.2
Invocations    | 1 2 |  2.4
Fighting       | |  2.0
Armour         | |  1.1
Dodging        | |  2.1
Spellcasting   | |  2.0
Charms         | |  2.4

Action                   |  1- 3 |  4- 6 |  7- 9 || total
-------------------------+-------+-------+-------++-------
Melee: Falchion          |    65 |       |       ||    65
       Kick              |    15 |    28 |    32 ||    75
       Peck              |     7 |    18 |    18 ||    43
       Long sword        |    20 |   113 |    97 ||   230
Throw: Tomahawk          |       |       |     5 ||     5
 Cast: Infusion          |     7 |     4 |     5 ||    16
       Song of Slaying   |     1 |     5 |       ||     6
       Shroud of Golubri |       |     1 |       ||     1
Invok: Heroism           |       |       |     2 ||     2
 Abil: Fly               |       |     1 |       ||     1
Evoke: Wand              |       |       |     1 ||     1
  Use: Scroll            |       |     6 |     1 ||     7
       Potion            |       |       |     1 ||     1
 Stab: Sleeping          |     2 |     4 |     6 ||    12
       Invisible         |       |       |     1 ||     1
       Paralysed         |       |       |     1 ||     1
  Eat: Chunk             |     2 |     7 |     5 ||    14
Armor: Leather armour    |    19 |       |       ||    19
       Ring mail         |     8 |    27 |    21 ||    56
Dodge: Dodged            |    50 |    61 |    32 ||   143
       Rpst.: Falchion   |    11 |       |       ||    11
       Long sword        |     1 |    24 |    11 ||    36
